[Event "*** Titled Tuesday Blitz"]
[Site "Chess.com"]
[Date "2020.11.03"]
[Round "7"]
[White "almo64"]
[Black "Superfelix"]
[Result "1-0"]
[WhiteElo "2696"]
[BlackElo "2459"]
[TimeControl "180+1"]
[EndTime "11:19:23 PST"]
[Termination "almo64 won by resignation"]

1. e4 c6 2. d4 g6 3. Nc3 d5 4. e5 h5 5. f4 Nh6 6. Be3 Bg4 7.
Qd2 a6 8. h3 Bf5 9. Bf2 Nd7 10.
Nf3 e6 11. Bh4 Be7 12. Bxe7 Qxe7 13. Qf2 O-O-O 14. O-O-O Kb8 15. Ng5 c5 16. Rg1 cxd4 17.
Rxd4 Rc8 18. Be2 Nxe5 19. fxe5 Qxg5+ 20. Kb1 Rxc3 21. bxc3 Be4 22. Rb4 Rc8 23. Bxa6 Rc7 24. Ka1 Qxe5 25. Rgb1 Qxc3+ 26. R1b2 d4 27. Rb3 Qc5 28.
Qf4 Ka7 29. Qxe4 Kxa6 30. Rxb7 Nf5 31. Qd3+ Ka5 1-0

[Event "*** Titled Tuesday Blitz"]
[Site "Chess.com"]
[Date "2020.11.03"]
[Round "7"]
[White "Chessbard1972"]
[Black "IngOscarArdila"]
[Result "1-0"]
[WhiteElo "2281"]
[BlackElo "2117"]
[TimeControl "180+1"]
[EndTime "11:19:24 PST"]
[Termination "Chessbard1972 won by checkmate"]

1. e4 e5 2. Nf3 Nc6 3. Bc4 Bc5 4. b4 Bxb4 5. c3 Bc5 6. d4 exd4 7. Ng5 d5 8. exd5 Na5 9. Bb5+ c6 10. dxc6 bxc6 11.
Bd3 Qe7+ 12. Kf1 Nf6 13. Qa4 Bb6 14. Ba3 Qe5 15. Nf3 Qd5 16. c4 Qd8 17. Nbd2 Be6 18. Bb4 Nb7 19. Qxc6+ Qd7 20. Ne5 Qxc6 21. Nxc6 Rc8 22.
Ne5 Nd7 23. Nxd7 Kxd7 24. Ke2 Rhe8 25. Kf3 Bc5 26. Rab1 a5 27. Bxc5 Nxc5 28. Be4 Nxe4 29. Nxe4 Bxc4 30. Rb7+ Kc6 31. Rhb1 Bd5 32. R1b6# 1-0

[Event "*** Titled Tuesday Blitz"]
[Site "Chess.com"]
[Date "2020.11.03"]
[Round "7"]
[White "Bigfish1995"]
[Black "joppie2"]
[Result "0-1"]
[WhiteElo "3006"]
[BlackElo "2893"]
[TimeControl "180+1"]
[EndTime "11:19:26 PST"]
[Termination "joppie2 won by resignation"]

1. d4 Nf6 2. c4 g6 3. Nc3 Bg7 4. e4 d6 5. Be2 O-O 6. Be3 Na6 7. Nf3 e5 8. d5 Ng4 9. Bg5 f6 10. Bh4 Nh6 11. Nd2 g5 12. Bg3 f5 13. f3 Nc5 14.
b4 Nd7 15. Bf2 a5 16. a3 Nf6 17. h3 Nh5 18. g4 fxg4 19. hxg4 Nf4 20. c5 Nxg4 21.
Bc4 Nxf2 22. Kxf2 g4 23. b5 Qg5 24. Ne2 gxf3 25. Nxf4 exf4 26. Nxf3 Qg3+ 27. Ke2 Bg4 28.
Rf1 Rae8 29. Bd3 Qg2+ 30. Ke1 Bc3+ 0-1

[Event "*** Titled Tuesday Blitz"]
[Site "Chess.com"]
[Date "2020.11.03"]
[Round "7"]
[White "oogee"]
[Black "talyamania"]
[Result "0-1"]
[WhiteElo "2202"]
[BlackElo "2363"]
[TimeControl "180+1"]
[EndTime "11:19:27 PST"]
[Termination "talyamania won on time"]

1. d4 Nf6 2. c4 c5 3. d5 e6 4.
Nc3 exd5 5. cxd5 d6 6. Nf3 g6 7. Nd2 Nbd7 8. e4 Bg7 9. Be2 O-O 10.
O-O a6 11. a4 Re8 12. Re1 Rb8 13.
a5 h6 14. Nc4 Ne5 15. Nb6 Nfd7 16. Nxc8 Qxc8 17. f4 b5 18. fxe5 Nxe5 19. Bf4 b4 20.
Nb1 c4 21. Nd2 Qc5+ 22. Kh1 c3 23. Rc1 cxd2 24. Rxc5 dxe1=R+ 25. Qxe1 dxc5 26. d6 c4 27. Bxe5 Bxe5 28. Bxc4 Bxd6 29. Qf2 Re7 30. Qf6 Rd8 31. Qxg6+ Kf8 32. Qxh6+ Ke8 33. Qh8+ Kd7 34. Bxa6 Rxh8 0-1

[Event "*** Titled Tuesday Blitz"]
[Site "Chess.com"]
[Date "2020.11.03"]
[Round "7"]
[White "SantoBlue"]
[Black "NikolaGry"]
[Result "1-0"]
[WhiteElo "2886"]
[BlackElo "2628"]
[TimeControl "180+1"]
[EndTime "11:19:28 PST"]
[Termination "SantoBlue won by resignation"]

1. e4 e5 2. Nf3 d6 3. d4 exd4 4. Nxd4 Nf6 5. Nc3 g6 6. Be3 Bg7 7. Qd2 O-O 8. Bh6 Re8 9. Bxg7 Nxe4 10. Qh6 Nf6+ 11. Be2 Ng4 12. Qf4 Kxg7 13. O-O-O Ne5 14. h4 h5 15. g4 Bxg4 16. Bxg4 Nxg4 17. Nd5 c6 18. f3 Nh6 19. Nc3 d5 20. Ne4 dxe4 21.
Nf5+ Nxf5 22. Rxd8 Rxd8 23. fxe4 Nh6 24. Qe5+ Kh7 25.
Qc7 Nd7 26. Rd1 Rac8 27. Qxb7 Ne5 28. Rxd8 Rxd8 29. Qe7 Rd7 30. Qxe5 Ng4 31. Qc5 Rc7 32. a4 f6 33. b4 Kg7 34. b5 g5 35. hxg5 h4 36.
gxf6+ Nxf6 37. Qg5+ Kf7 38. e5 1-0

[Event "*** Titled Tuesday Blitz"]
[Site "Chess.com"]
[Date "2020.11.03"]
[Round "7"]
[White "politeplayer"]
[Black "JiiHart"]
[Result "1/2-1/2"]
[WhiteElo "2225"]
[BlackElo "2082"]
[TimeControl "180+1"]
[EndTime "11:19:29 PST"]
[Termination "Game drawn by agreement"]

1. d4 Nf6 2. Nf3 e6 3. c4 c5 4. d5 exd5 5. cxd5 d6 6. Nc3 g6 7. h3 Bg7 8. e4 O-O 9. Bd3 b5 10. Nxb5 Nxe4 11. O-O a6 12. Na3 Re8 13. Re1 Nf6 14.
Rxe8+ Nxe8 15. Nc4 Nd7 16. Bf4 Nb6 17. Qe2 Nxc4 18. Bxc4 Bb7 19. Re1 h6 20. Qe7 Qxe7 21.
Rxe7 Rb8 22. b3 Bf8 23. Re1 Nf6 24. Rd1 Re8 25. Kf1 Re4 26. Bg3 a5 27. a4 g5 28.
Rd3 Kg7 29. Nd2 Rd4 30. Rxd4 cxd4 31. Nf3 d3 32. Bxd3 Bxd5 33. Nd4 Ne4 34. Nf5+ Kf6 35.
Bxe4 Bxe4 36. Nxd6 Bxd6 37. Bxd6 Bc2 1/2-1/2

[Event "*** Titled Tuesday Blitz"]
[Site "Chess.com"]
[Date "2020.11.03"]
[Round "7"]
[White "Mikasinski"]
[Black "ljuks68"]
[Result "1-0"]
[WhiteElo "2459"]
[BlackElo "2355"]
[TimeControl "180+1"]
[EndTime "11:19:30 PST"]
[Termination "Mikasinski won by resignation"]

1. e4 e6 2. d4 d5 3. Nc3 Bb4 4. e5 Ne7 5. a3 Bxc3+ 6. bxc3 c5 7. h4 Bd7 8. h5 h6 9. Qg4 Nf5 10. Nf3 c4 11. Nh4 O-O 12. Nxf5 exf5 13. Qg3 Kh7 14. Rb1 Ba4 15. Kd1 Qd7 16. Rh4 Nc6 17. Rf4 g5 18. hxg6+ fxg6 19. Rh4 h5 20. Qg5 Qg7 21. Be2 Rf7 22.
Bf3 Rd8 23. Bf4 Kg8 24. Kd2 Kf8 25. e6 Re7 26. Re1 Nxd4 27. Be5 Nxf3+ 28. gxf3 Qh7 29. Bf6 Be8 30. Rg1 Rc8 31. Rxh5 Qxh5 32. Bxe7+ Kg8 33.
Qxh5 1-0

[Event "*** Titled Tuesday Blitz"]
[Site "Chess.com"]
[Date "2020.11.03"]
[Round "7"]
[White "GigaQuparadze"]
[Black "cstevens1"]
[Result "1/2-1/2"]
[WhiteElo "2864"]
[BlackElo "2705"]
[TimeControl "180+1"]
[EndTime "11:19:34 PST"]
[Termination "Game drawn by repetition"]

1. e4 c5 2. Ne2 e6 3. d4 cxd4 4. Nxd4 a6 5. Nc3 Qc7 6. g3 Nf6 7. Bg2 Nc6 8. O-O Nxd4 9. Qxd4 Bc5 10. Bf4 d6 11. Qd2 h6 12. Na4 e5 13. Nxc5 dxc5 14. Be3 Ng4 15. h3 Nxe3 16. Qxe3 Be6 17. Rfd1 O-O 18.
Rd2 b6 19. Rad1 Rfd8 20. a3 a5 21. Bf1 Rxd2 22. Qxd2 Kf8 23. Kh2 Ke7 24. Qe3 Rd8 25. Rc1 Qd6 26. Bd3 Qd4 27. Qxd4 Rxd4 28. Re1 c4 29.
Bf1 Rd2 30. Re2 Rxe2 31. Bxe2 f6 32. c3 Kd6 33. h4 Kc5 34. f4 g5 35. hxg5 hxg5 36.
Kg2 Kd6 37. fxg5 fxg5 38. Bh5 g4 39. Kf2 Kc5 40. Ke3 a4 41. Bg6 Kd6 42. Be8 Bd7 43.
Bf7 b5 44. Bg6 Be6 45. Be8 Bd7 46. Bh5 Be6 47. Kd2 Bd7 48. Bg6 Be6 49. Ke2 Bd7 50.
Ke3 Be6 51. Bh7 Bd7 52. Bg6 1/2-1/2

[Event "*** Titled Tuesday Blitz"]
[Site "Chess.com"]
[Date "2020.11.03"]
[Round "7"]
[White "LaPorfia"]
[Black "Omk124"]
[Result "1/2-1/2"]
[WhiteElo "2303"]
[BlackElo "2423"]
[TimeControl "180+1"]
[EndTime "11:19:35 PST"]
[Termination "Game drawn by repetition"]

1. d4 Nf6 2. Nf3 g6 3. Nc3 d5 4. Bf4 Bg7 5. e3 O-O 6. Be2 a6 7. Ne5 Nbd7 8. h4 h5 9. f3 c6 10.
Qd2 Nxe5 11. Bxe5 b5 12. O-O-O a5 13. Kb1 a4 14. Bd3 b4 15. Ne2 b3 16. cxb3 axb3 17. a3 Ba6 18. Nc1 Bc4 19. Qc3 Ra4 20. Nxb3 Nd7 21. Bxg7 Kxg7 22. Nc5 Nxc5 23. dxc5+ f6 24. Bxc4 Rxc4 25. Qxc4 dxc4 26. Rxd8 Rxd8 27. Kc2 Rd5 28. Kc3 Rxc5 29. Rd1 Rb5 30. e4 Rb3+ 31. Kc2 Kf7 32. Rd4 Re3 33. a4 Re2+ 34. Rd2 Re1 35. Kc3 Ra1 36. Kb4 c5+ 37. Kb5 Ra2 38. Rc2 c3 39.
Rxc3 Rxb2+ 40. Kxc5 Rxg2 41. a5 g5 42. hxg5 Rxg5+ 43.
Kb6 h4 44. a6 h3 45. Rc1 Rg2 46. a7 Rb2+ 47. Kc7 Ra2 48. Kb8 Rb2+ 49. Kc7 Ra2 50. Kb7 Rb2+ 51. Kc7 1/2-1/2

[Event "*** Titled Tuesday Blitz"]
[Site "Chess.com"]
[Date "2020.11.03"]
[Round "7"]
[White "olksuna"]
[Black "GMHess"]
[Result "1-0"]
[WhiteElo "2630"]
[BlackElo "2842"]
[TimeControl "180+1"]
[EndTime "11:19:36 PST"]
[Termination "olksuna won by resignation"]

1. Nf3 g6 2. e4 Bg7 3. d4 d6 4. Bc4 a6 5. O-O e6 6. Bb3 Ne7 7. a4 h6 8. Re1 b6 9. c3 Bb7 10. Nbd2 Nd7 11. Nf1 O-O 12. Ng3 Kh7 13. h4 f5 14.
Bxe6 fxe4 15. Nxe4 Nf6 16. Ng3 Nfd5 17. h5 Nf4 18. Bxf4 Rxf4 19. Qd3 Bxf3 20. gxf3 Qe8 21. Bd5 Rd8 22. hxg6+ Kh8 23. Qe3 Rf8 24. Bf7 Qc6 25.
Qxe7 Qxf3 26. Qe4 Qf6 27. Qg4 Rxf7 28. gxf7 Qxf7 29. Re6 Rg8 30. Qf5 1-0

[Event "*** Titled Tuesday Blitz"]
[Site "Chess.com"]
[Date "2020.11.03"]
[Round "7"]
[White "Ermito2020"]
[Black "aleksey1203borisovi4"]
[Result "0-1"]
[WhiteElo "2576"]
[BlackElo "2479"]
[TimeControl "180+1"]
[EndTime "11:19:36 PST"]
[Termination "aleksey1203borisovi4 won on time"]

1. e4 g6 2. d4 Bg7 3. Nc3 d6 4. Be3 Nc6 5. h4 h5 6. Qd2 Nf6 7. f3 a6 8. Nh3 Bxh3 9. Rxh3 Qd7 10. Rh1 O-O-O 11. O-O-O e6 12. d5 exd5 13. exd5 Ne7 14. Qd4 Nfxd5 15. Qa7 Qc6 16. Nxd5 Nxd5 17. Bg5 Nb4 18.
Bd3 Rde8 19. a3 Nxd3+ 20. Rxd3 Re2 21. Bd2 Rhe8 22. Rb3 Bh6 23. Rd1 Rxd2 0-1

[Event "*** Titled Tuesday Blitz"]
[Site "Chess.com"]
[Date "2020.11.03"]
[Round "7"]
[White "vovachesss"]
[Black "Flutaga"]
[Result "1-0"]
[WhiteElo "2657"]
[BlackElo "1997"]
[TimeControl "180+1"]
[EndTime "11:19:37 PST"]
[Termination "vovachesss won by checkmate"]

1. g4 d5 2. Bg2 e6 3. c4 Nf6 4. h3 Bd6 5. Nf3 c5 6. cxd5 exd5 7. d4 Nc6 8. O-O h6 9. Nc3 O-O 10. Be3 Qe7 11. Rc1 cxd4 12. Nxd4 Qe5 13. Nf3 Qe6 14.
Nb5 Bb8 15. Nbd4 Nxd4 16. Qxd4 Bd7 17. Rfd1 Bc6 18. Qd3 Re8 19. b4 a6 20. Nd4 Qe5 21. Nxc6 Qh2+ 22. Kf1 bxc6 23. Rxc6 Ne4 24. Qxd5 Ng3+ 25.
fxg3 Rxe3 26. Rc8+ Kh7 27. Qf5+ g6 28. Qxf7# 1-0

[Event "*** Titled Tuesday Blitz"]
[Site "Chess.com"]
[Date "2020.11.03"]
[Round "7"]
[White "Alexsur1981"]
[Black "hansen"]
[Result "1-0"]
[WhiteElo "2800"]
[BlackElo "2930"]
[TimeControl "180+1"]
[EndTime "11:19:39 PST"]
[Termination "Alexsur1981 won by resignation"]

1. e4 c5 2. Nc3 e6 3. Nf3 a6 4. g4 Nc6 5. Bg2 Qc7 6. O-O Nge7 7. d3 Ng6 8. Ne2 h5 9. g5 h4 10. h3 b5 11. a4 b4 12. Nh2 Bb7 13. f4 Nd4 14. c3 Nxe2+ 15. Qxe2 bxc3 16. bxc3 Bd6 17. Qf2 Bc6 18. Ng4 Rb8 19. Be3 Rb3 20. Qc2 Rb8 21. Qd2 O-O 22. d4 cxd4 23. cxd4 Qb7 24. d5 exd5 25. exd5 Bb4 26. Qd3 Rfe8 27. dxc6 dxc6 28. Kh1 a5 29. Qc4 Rbc8 30. f5 Ne5 31. Nxe5 Rxe5 32. Bd4 Ree8 33. g6 Red8 34. f6 Rd5 35. gxf7+ Qxf7 36. Bxd5 Qxd5+ 37. Qxd5+ cxd5 38. fxg7 Rc4 39. Rad1 Rc2 40. Rf5 1-0

[Event "*** Titled Tuesday Blitz"]
[Site "Chess.com"]
[Date "2020.11.03"]
[Round "7"]
[White "Lysiak_Poltorak"]
[Black "jacky72"]
[Result "0-1"]
[WhiteElo "2363"]
[BlackElo "2528"]
[TimeControl "180+1"]
[EndTime "11:19:42 PST"]
[Termination "jacky72 won on time"]

1. d4 Nf6 2. c4 g6 3. Nc3 Bg7 4.
e4 O-O 5. f3 d6 6. Nge2 c5 7. d5 a6 8. Ng3 b5 9. cxb5 axb5 10.
Bxb5 h5 11. Nf1 e6 12. Ne3 exd5 13. Nexd5 Nxd5 14. Qxd5 Qa5 15. Bd2 Be6 16. Qd3 Qb4 17.
Na4 Rxa4 18. Bxb4 Rxb4 19. a4 c4 20. Qe3 Bxb2 21. O-O c3 22. Rac1 Rc8 23. f4 Bxc1 24. Rxc1 c2 25. f5 gxf5 26. exf5 Bxf5 27. Bd3 Bxd3 28.
Qxd3 Rbc4 29. a5 Na6 30. Qg3+ Kh7 31. Qd3+ Kh8 32. Qxd6 R4c6 33. Qd4+ Kg8 34. Qf4 Rb8 35. Qg5+ Kf8 36. Qxh5 Rb1 37. Qh8+ Ke7 38. Qe5+ Re6 0-1

[Event "*** Titled Tuesday Blitz"]
[Site "Chess.com"]
[Date "2020.11.03"]
[Round "7"]
[White "Harsha_Bharathakoti"]
[Black "Yashasd1995"]
[Result "1-0"]
[WhiteElo "2810"]
[BlackElo "2579"]
[TimeControl "180+1"]
[EndTime "11:19:43 PST"]
[Termination "Harsha_Bharathakoti won by resignation"]

1. c4 Nf6 2. Nc3 e5 3. g3 Bb4 4. Bg2 Bxc3 5. dxc3 O-O 6. Qc2 d6 7.
e4 Be6 8. b3 Qd7 9. h3 h6 10.
Ne2 Nc6 11. g4 Ne7 12. Ng3 Ng6 13. Nf5 c6 14. O-O d5 15. Rd1 Rad8 16. cxd5 cxd5 17. exd5 Bxf5 18. Qxf5 Qxf5 19. gxf5 Nh4 20. c4 Nxf5 21. Bb2 Nd7 22. b4 b6 23. Rac1 Rc8 24. Be4 Nd6 25. Bd3 e4 26. Bf1 f5 27. Ba3 Nb7 28.
c5 bxc5 29. Ba6 cxb4 30. Bxb7 Rb8 31. Bc6 Ne5 32. Bb2 Nf3+ 33. Kf1 f4 34. d6 e3 35.
Bxf3 1-0

[Event "*** Titled Tuesday Blitz"]
[Site "Chess.com"]
[Date "2020.11.03"]
[Round "7"]
[White "DenLaz"]
[Black "Mr_Sinigami"]
[Result "1-0"]
[WhiteElo "2733"]
[BlackElo "2507"]
[TimeControl "180+1"]
[EndTime "11:19:43 PST"]
[Termination "DenLaz won on time"]

1. d4 Nf6 2. c4 g6 3. Nc3 Bg7 4. e4 d6 5. Be2 O-O 6. Be3 e5 7. d5 a5 8. h4 Na6 9. h5 Nc5 10. hxg6 fxg6 11. Qc2 b6 12. Nh3 Bg4 13. Ng5 h6 14.
Bxc5 hxg5 15. Be3 Bxe2 16. Qxe2 Nh5 17. g3 a4 18. O-O-O a3 19. b3 Rf7 20. Qg4 Bf6 21.
Rh3 Qc8 22. f3 Qxg4 23. fxg4 Ng7 24. Rdh1 Ne8 25. Kd2 Kf8 26. Ke2 Ke7 27. Rh7 Kf8 28. Nb5 Rxh7 29. Rxh7 Rc8 30. Nxa3 Kg8 31. Rh1 Be7 32. Nb5 Bd8 33. a4 Nf6 34. Kf3 Nh7 35. b4 Be7 36. a5 bxa5 37. bxa5 Ra8 38. Ra1 Rf8+ 39. Ke2 Nf6 40. Bxg5 Nxe4 41. Bxe7 Nxg3+ 42. Ke3 Rf7 43. a6 e4 44. a7 Rf3+ 45. Kd2 e3+ 46. Kc2 e2 47. a8=Q+ Kg7 48. Nxc7 Rf1 49. Ne6+ Kh7 50.
Bf6 Rxf6 51. Ra7+ 1-0

[Event "*** Titled Tuesday Blitz"]
[Site "Chess.com"]
[Date "2020.11.03"]
[Round "7"]
[White "BigAl"]
[Black "doons21"]
[Result "1-0"]
[WhiteElo "2482"]
[BlackElo "2580"]
[TimeControl "180+1"]
[EndTime "11:19:45 PST"]
[Termination "BigAl won by resignation"]

1. e4 e6 2. d3 d5 3. Nd2 Nf6 4. Ngf3 Be7 5. g3 c5 6. Bg2 Nc6 7. O-O Qc7 8. Re1 b6 9. exd5 Nxd5 10. d4 cxd4 11. Nb3 O-O 12. Nfxd4 Nxd4 13. Nxd4 Bb7 14.
Qe2 Rac8 15. c3 Bf6 16. Nf3 Rfd8 17. Ng5 Qc4 18. Qh5 Bxg5 19. Bxg5 Rd7 20. Re4 Qd3 21. Rg4 f5 22. Rd4 Qc2 23. Rd2 Qa4 24. b3 Qa6 25.
c4 Nf6 26. Bxf6 Rxd2 27. Bxg7 Kxg7 28. Qg5+ Kf7 29. Qxd2 Bxg2 30. Qd7+ Kf6 31. Kxg2 Rc5 32. Re1 b5 33. Qd4+ 1-0

[Event "*** Titled Tuesday Blitz"]
[Site "Chess.com"]
[Date "2020.11.03"]
[Round "7"]
[White "BanjoKazooieN64"]
[Black "Natalya_Buksa"]
[Result "1/2-1/2"]
[WhiteElo "2386"]
[BlackElo "2534"]
[TimeControl "180+1"]
[EndTime "11:19:45 PST"]
[Termination "Game drawn by repetition"]

1. e4 c5 2. Nc3 Nc6 3. Nf3 e6 4. d4 cxd4 5. Nxd4 Nf6 6. a3 Nxd4 7. Qxd4 a6 8. e5 Ng8 9. Be3 Qc7 10. O-O-O Ne7 11.
g4 Nc6 12. Qe4 Qxe5 13. Qf3 Bxa3 14. Bf4 Bxb2+ 15. Kxb2 Qf6 16. g5 Qf5 17. Bh3 Qa5 18.
Bd6 b5 19. Nd5 Ra7 20. Bg2 Qd8 21. h4 h6 22. Qf4 a5 23. Nc7+ Rxc7 24. Bxc7 Qe7 25.
Bd6 Qd8 26. Be4 Bb7 27. Kb1 b4 28. Rhg1 h5 29. g6 f6 30. Rge1 Qb6 31. Bf5 a4 32.
Bxe6 b3 33. cxb3 Kd8 34. Bxd7 Qxb3+ 35. Ka1 Qc3+ 36. Kb1 Qb3+ 37. Kc1 Qc3+ 38. Kb1 Qb3+ 1/2-1/2

[Event "*** Titled Tuesday Blitz"]
[Site "Chess.com"]
[Date "2020.11.03"]
[Round "7"]
[White "vova-79"]
[Black "UmarovSabir"]
[Result "1-0"]
[WhiteElo "2488"]
[BlackElo "2314"]
[TimeControl "180+1"]
[EndTime "11:19:47 PST"]
[Termination "vova-79 won on time"]

1. d4 g6 2. c4 Bg7 3. Nf3 c6 4. Nc3 d6 5. g3 Nf6 6. Bg2 O-O 7. O-O Nbd7 8. e4 e5 9. h3 Qc7 10. Be3 Re8 11. Qc2 exd4 12. Nxd4 Nc5 13. Rad1 a5 14.
Ndb5 cxb5 15. Nxb5 Qb6 16. Rxd6 Qxb5 17. cxb5 Ncxe4 18. Rd4 Bf5 19. g4 Rac8 20. Qa4 Nc5 21. Qxa5 Be6 22.
Rfd1 Nfd7 23. R4d2 Ra8 24. Qb4 b6 25. Bxa8 Rxa8 26. Bxc5 bxc5 27. Qe4 1-0

[Event "*** Titled Tuesday Blitz"]
[Site "Chess.com"]
[Date "2020.11.03"]
[Round "7"]
[White "Sacbutt"]
[Black "Region_07"]
[Result "0-1"]
[WhiteElo "2294"]
[BlackElo "2448"]
[TimeControl "180+1"]
[EndTime "11:19:48 PST"]
[Termination "Region_07 won by checkmate"]

1. e4 Nc6 2. d4 d5 3. e5 f6 4. Bd3 g6 5. f4 Nh6 6. Nf3 Bg7 7. O-O O-O 8. Nc3 Bg4 9. Ne2 Nf5 10.
c3 e6 11. h3 Bxf3 12. Rxf3 fxe5 13. fxe5 Qh4 14. Bd2 Nfxd4 15. Nxd4 Nxd4 16. cxd4 Qxd4+ 17. Kh1 Rxf3 18. Qxf3 Qxb2 19. Rd1 Rf8 20. Qe2 c5 21. Rb1 Qxe5 22. Qxe5 Bxe5 23. Rxb7 c4 24. Be2 Rf2 25. Bh6 Rxe2 26. Rxa7 Re1# 0-1

[Event "*** Titled Tuesday Blitz"]
[Site "Chess.com"]
[Date "2020.11.03"]
[Round "7"]
[White "cukin84"]
[Black "Grandmaster1369"]
[Result "0-1"]
[WhiteElo "2070"]
[BlackElo "2300"]
[TimeControl "180+1"]
[EndTime "11:19:48 PST"]
[Termination "Grandmaster1369 won by resignation"]

1. e4 c5 2. Nc3 e6 3. f4 Nc6 4. Nf3 d5 5. Bb5 d4 6. Bxc6+ bxc6 7. Na4 c4 8. O-O Nf6 9. Qe2 d3 10. cxd3 cxd3 11. Qe3 Qa5 12. b3 Ng4 13. Qxd3 Ba6 14. Qc2 Bb5 15. Re1 Bxa4 16. bxa4 Bc5+ 17. Kf1 O-O 18.
Bb2 Bb6 19. h3 Qh5 20. hxg4 Qh1+ 21. Ke2 Qxg2+ 22. Kd1 Qxf3+ 23. Kc1 Rad8 24. Qc3 Qxg4 25. a5 Bd4 26. Qb3 Rb8 27. Bxd4 Rxb3 28. axb3 Qxf4 29.
Rg1 e5 30. Bc3 Qxe4 31. Kb2 f6 32. Rae1 Qd5 33. Rg4 c5 34. Reg1 g6 35. Rc4 Rb8 36.
Kc2 Kf7 37. Rf1 h5 0-1

[Event "*** Titled Tuesday Blitz"]
[Site "Chess.com"]
[Date "2020.11.03"]
[Round "7"]
[White "Eloist"]
[Black "infinitegiantkiller"]
[Result "0-1"]
[WhiteElo "2280"]
[BlackElo "2463"]
[TimeControl "180+1"]
[EndTime "11:19:49 PST"]
[Termination "infinitegiantkiller won by resignation"]

1. e4 e6 2. d4 d5 3. Nd2 c5 4. Ngf3 cxd4 5. Nxd4 Nc6 6. Bb5 Bd7 7. Nxc6 bxc6 8. Bd3 Bd6 9. Qe2 Ne7 10. Nf3 O-O 11.
O-O Ng6 12. e5 Be7 13. c4 c5 14. Re1 Bc6 15. g3 Rb8 16. h4 dxc4 17. Bxc4 Rb4 18. b3 Bxf3 19. Qxf3 Nxe5 20. Rxe5 Qd4 21. Re1 Qxa1 22. Bd2 Qxa2 23. Bxb4 cxb4 24. Qb7 Bc5 25. Re2 Qb1+ 26. Kg2 Qf5 27. Qc7 Bb6 28. Qe7 Bc5 29. h5 Bxe7 0-1

[Event "*** Titled Tuesday Blitz"]
[Site "Chess.com"]
[Date "2020.11.03"]
[Round "7"]
[White "ShcufNaiRolf"]
[Black "bazar-wokzal"]
[Result "0-1"]
[WhiteElo "2352"]
[BlackElo "2516"]
[TimeControl "180+1"]
[EndTime "11:19:50 PST"]
[Termination "bazar-wokzal won by resignation"]

1. e4 c5 2. Nf3 d6 3. d4 cxd4 4. Nxd4 Nf6 5. Nc3 g6 6. Be3 Bg7 7. f3 a6 8. Qd2 b5 9. Be2 Bb7 10. O-O O-O 11. a4 b4 12. Nd1 a5 13. c3 Na6 14. Kh1 e5 15. Nb5 d5 16. exd5 Qxd5 17. Qe1 Nh5 18. c4 Qd7 19. c5 Nf4 20. Nd6 Bc6 21. Bc4 Ne6 22. b3 Naxc5 23. Nb2 Qxd6 24. Rd1 Qe7 25. Qf2 Nd4 26. Rfe1 Qf6 27. Nd3 Nxd3 28.
Rxd3 Rad8 29. f4 exf4 30. Bxd4 Rxd4 31. Rxd4 Qxd4 0-1

[Event "*** Titled Tuesday Blitz"]
[Site "Chess.com"]
[Date "2020.11.03"]
[Round "7"]
[White "Maghalashvili"]
[Black "ApacheSVD"]
[Result "1-0"]
[WhiteElo "2691"]
[BlackElo "2435"]
[TimeControl "180+1"]
[EndTime "11:19:51 PST"]
[Termination "Maghalashvili won by checkmate"]

1. Nf3 c5 2. c4 b6 3. g3 Bb7 4. Bg2 e6 5. O-O Nf6 6. Nc3 Be7 7. d4 cxd4 8. Qxd4 O-O 9. b3 Nc6 10. Qf4 Qb8 11. Rd1 Rd8 12. Qxb8 Raxb8 13. Bf4 Rbc8 14. Ne5 d6 15. Nxc6 Bxc6 16. Bxc6 Rxc6 17. Rd3 a6 18. a4 Nd7 19. Rb1 Nc5 20. Rdd1 f5 21. Na2 Kf7 22. Be3 e5 23. Nb4 Rc7 24. Nd5 Rb7 25. f3 Ke6 26.
Kf2 Rdb8 27. Rd2 b5 28. cxb5 axb5 29. a5 b4 30. Bxc5 dxc5 31. Nb6 Bd8 32. Nc4 Bc7 33. Rbd1 Ra8 34. Rd7 g6 35. Rxh7 Raa7 36. Rdd7 Kf6 37. h4 g5 38. Rh6# 1-0

[Event "*** Titled Tuesday Blitz"]
[Site "Chess.com"]
[Date "2020.11.03"]
[Round "7"]
[White "DenisQ"]
[Black "Zq1"]
[Result "0-1"]
[WhiteElo "2648"]
[BlackElo "2525"]
[TimeControl "180+1"]
[EndTime "11:19:52 PST"]
[Termination "Zq1 won on time"]

1. Nf3 Nf6 2. g3 d5 3. Bg2 e6 4. O-O Be7 5. d4 b5 6. Ne5 Bb7 7. Nd2 O-O 8. a4 b4 9. c4 c5 10. dxc5 Bxc5 11. Nb3 Be7 12. a5 Na6 13. Bf4 Rc8 14.
Qd2 Ne4 15. Bxe4 dxe4 16. Rfd1 f6 17. Qe3 Qe8 18. Nd7 e5 19. Qxa7 Bc6 20. Be3 Ra8 21.
Qxa8 Bxa8 22. Nxf8 Bxf8 23. c5 f5 24. Rac1 Bc6 25.
Nd2 h6 26. Nc4 g5 27. Nd6 Qe6 28. Bd2 f4 0-1

[Event "*** Titled Tuesday Blitz"]
[Site "Chess.com"]
[Date "2020.11.03"]
[Round "7"]
[White "levallem"]
[Black "guillembaches"]
[Result "0-1"]
[WhiteElo "2237"]
[BlackElo "2378"]
[TimeControl "180+1"]
[EndTime "11:19:52 PST"]
[Termination "guillembaches won on time"]

1. e4 c5 2. d4 cxd4 3. c3 dxc3 4. Nxc3 Nc6 5. Nf3 e6 6. Bc4 a6 7. Qe2 Nge7 8. O-O Ng6 9. e5 Qc7 10. Re1 Ncxe5 11. Nxe5 Nxe5 12. Bb3 Bd6 13. Bf4 f6 14. Rac1 Qb8 15. Ne4 Be7 16. Bxe5 Qxe5 17. Qf3 Qb8 18. Nc5 b6 19. Ne4 d5 0-1

[Event "*** Titled Tuesday Blitz"]
[Site "Chess.com"]
[Date "2020.11.03"]
[Round "7"]
[White "Chopper1905"]
[Black "Gabrielian_Artur"]
[Result "1-0"]
[WhiteElo "2926"]
[BlackElo "2794"]
[TimeControl "180+1"]
[EndTime "11:19:56 PST"]
[Termination "Chopper1905 won by resignation"]

1. d4 Nf6 2. Bf4 g6 3. e3 Bg7 4.
Nf3 O-O 5. Nbd2 d6 6. h3 b6 7. Bh2 Bb7 8. Bc4 Nbd7 9. a4 a5 10. O-O Qe8 11. Re1 e5 12. e4 Nh5 13.
c3 Qe7 14. Qb3 Kh8 15. Rad1 Rad8 16. Bb5 h6 17. Qa3 exd4 18. cxd4 Rfe8 19. Qc3 c5 20. Nc4 cxd4 21. Nxd4 Nc5 22. Bxe8 Nxe4 23. Qc2 d5 24. Nc6 Qg5 25. Nxd8 Qxd8 26. Qxe4 Nf6 27. Qe7 1-0

[Event "*** Titled Tuesday Blitz"]
[Site "Chess.com"]
[Date "2020.11.03"]
[Round "7"]
[White "Semetey"]
[Black "GMaka"]
[Result "1-0"]
[WhiteElo "2574"]
[BlackElo "2404"]
[TimeControl "180+1"]
[EndTime "11:19:56 PST"]
[Termination "Semetey won by resignation"]

1. e4 c6 2. Nc3 d5 3. Nf3 dxe4 4. Nxe4 Nf6 5. Nxf6+ exf6 6. h3 Bd6 7. Bc4 Be6 8.
Qe2 Qe7 9. O-O O-O 10. Re1 Re8 11. Bxe6 fxe6 12. d4 Nd7 13. Qc4 Qf7 14. Qb3 Nb6 15.
Bd2 Re7 16. c4 e5 17. c5 Bxc5 18. dxc5 Qxb3 19. axb3 Nd5 20. Bc3 a6 21. Nd2 Rd8 22. Nc4 Red7 23. b4 g5 24. Nd6 Kg7 25. g3 Kg6 26. Kg2 h5 27. Re4 Ne7 28. f4 exf4 29. gxf4 Nd5 30. fxg5 fxg5 31. Rf1 Nf4+ 32. Kh2 h4 33.
Rg1 Kh5 34. Bf6 Rg8 35. Re5 Nd5 36. Bxg5 1-0

[Event "*** Titled Tuesday Blitz"]
[Site "Chess.com"]
[Date "2020.11.03"]
[Round "7"]
[White "natelleka"]
[Black "GAusal"]
[Result "0-1"]
[WhiteElo "2205"]
[BlackElo "2082"]
[TimeControl "180+1"]
[EndTime "11:19:58 PST"]
[Termination "GAusal won on time"]

1. e4 e5 2. Nf3 Nc6 3. Bb5 a6 4. Ba4 b5 5. Bb3 Nf6 6. c3 Nxe4 7. d4 exd4 8. cxd4 Bb4+ 9. Nbd2 O-O 10. O-O d5 11. Qc2 Na5 12. Nxe4 dxe4 13. Qxe4 Bb7 14. Qg4 Nxb3 15. axb3 f5 16. Qf4 Bd6 17. Ne5 Be7 18.
Rd1 Qd5 19. Nf3 Bd6 20. Qh4 Qxb3 21. Be3 Bxf3 22. gxf3 Qxb2 23. Kh1 Qe2 24. Qh3 g6 25.
Rac1 Qa2 26. Bh6 Rfe8 27. Rg1 Qf7 28. Be3 a5 29. Qf1 b4 30. Qb5 a4 31. Bd2 Reb8 32. Qc6 b3 33. Rb1 a3 34. d5 b2 0-1